 Dungeon Crawl Stone Soup version 0.22-a0-283-g1871b15 (webtiles) character file.

4397 b5mith the Carver (level 10, -5/133 (136) HPs)
             Began as a Minotaur Berserker on Mar 18, 2018.
             Was an Elder of Trog.
             Killed by divine providence
             ... invoked by an orc priest
              (10 damage)
             ... on level 10 of the Dungeon.
             The game lasted 00:14:24 (8074 turns).

b5mith the Carver (Minotaur Berserker)              Turns: 8074, Time: 00:14:25

HP:   -5/133 (136)  AC:  9    Str: 29    XL:     10   Next: 13%
MP:   0/9           EV: 16    Int:  4    God:    Trog [****..]
Gold: 494           SH:  0    Dex: 14    Spells: 9/9 levels left

rFire    + . .     SeeInvis .   a - +0 falchion
rCold    . . .     Gourm    .   (no shield)
rNeg     . . .     Faith    .   i - +1 ring mail {rF+}
rPois    .         Spirit   +   (helmet restricted)
rElec    .         Reflect  .   (no cloak)
rCorr    .         Harm     .   (no gloves)
MR       +....                  m - +0 pair of boots
Stlth    ..........             y - amulet of guardian spirit
HPRegen  0.32/turn              C - ring of protection from magic
MPRegen  0.11/turn              F - +3 ring of dexterity

@: berserking, very quick
A: retaliatory headbutt, horns 2
a: Berserk, Trog's Hand, Brothers in Arms, Renounce Religion


You were on level 10 of the Dungeon.
You worshipped Trog.
Trog was greatly pleased with you.
You were very hungry.

You visited 1 branch of the dungeon, and saw 10 of its levels.

You collected 494 gold pieces.

Inventory:

Hand Weapons
 a - a +0 falchion (weapon)
 T - a +4 falchion
Missiles
 G - 16 tomahawks (quivered)
Armour
 b - a +0 animal skin
 h - a +0 chain mail
 i - a +1 ring mail of fire resistance (worn)
 m - a +0 pair of boots (worn)
Jewellery
 y - an amulet of guardian spirit (around neck)
 C - a ring of protection from magic (left hand)
 F - a +3 ring of dexterity (right hand)
 Q - an uncursed ring of protection from cold
Wands
 s - a wand of random effects (59)
 v - a wand of clouds (10)
 w - a wand of iceblast (26)
 A - a wand of paralysis (35)
 I - a wand of disintegration (10)
 R - a wand of enslavement (16)
Scrolls
 f - 4 scrolls of magic mapping {unknown}
 g - 8 scrolls of remove curse {unknown}
 j - 3 scrolls of enchant armour {unknown}
 n - 3 scrolls of fog {unknown}
 p - 3 scrolls of amnesia {unknown}
 q - 4 scrolls of immolation {unknown}
 r - 7 scrolls of identify {unknown}
 t - 2 scrolls of teleportation {unknown}
 u - a scroll of noise {unknown}
 D - a scroll of random uselessness {unknown}
 E - 3 scrolls of enchant weapon {unknown}
 J - a scroll of fear {unknown}
 N - a scroll of torment {unknown}
Potions
 d - a potion of magic {unknown}
 e - 4 potions of heal wounds
 k - 2 potions of lignification {unknown}
 l - 4 potions of curing {unknown}
 o - a potion of agility {unknown}
 x - a potion of cancellation {unknown}
 z - a potion of resistance {unknown}
 B - a potion of invisibility {unknown}
 K - 2 potions of might {unknown}
 L - a potion of mutation {unknown}
 M - a potion of haste {unknown}
 O - 3 potions of brilliance {unknown}
 P - 2 potions of ambrosia {unknown}
 S - a potion of degeneration {unknown}
Comestibles
 c - 16 rations
 H - 6 chunks of flesh


   Skills:
 + Level 9.6 Fighting
 + Level 9.6 Long Blades
 + Level 9.2 Armour
 + Level 8.4 Dodging


You had 9 spell levels left.
You didn't know any spells.

Dungeon Overview and Level Annotations

Branches:
Dungeon (10/15)            Temple (0/1) D:6            Lair (0/6) D:10
    Orc (0/2) D:9

Altars:
Dithmenos
Nemelex Xobeh
Ru
Trog
Xom
Yredelemnul
The Shining One

Shops:
D:6 *   D:8 ?

Portals:
Bailey: D:7


Innate Abilities, Weirdness & Mutations

You reflexively headbutt those who attack you in melee.
You have a pair of horns on your head.


Message History

The orc priest invokes the aid of Beogh against you.
Pain shoots through your body!
* * * LOW HITPOINT WARNING * * *
There is an open door, spattered with blood here.
Items here: )) [[ †††† Your ring mail prevents you from hitting the orc priest.
You headbutt the orc priest!
The orc priest is severely wounded.
You slice the orc priest!!
You kill the orc priest!
Trog accepts your kill. The orc closely misses you. You furiously retaliate!
You headbutt the orc!
You kill the orc!
Trog accepts your kill.
You see here 2 steel javelins.
You feel a strong urge to attack something.
The orc priest barely misses you.
The orc priest invokes the aid of Beogh against you.
Beogh smites you!
You die...

...... #......
#######+#†....>.
#...............
#.......)#......
#........# a....
#........+ ....
#..o)o...# ...
###@###### ..
#(### # #...#
##### ###.###
#...# #...#
#...########'##
#...'...##....#
#...###.##....#
#...# #..#....#
#####


You could see 2 orc priests.

Vanquished Creatures
  A hippogriff (D:10)
  4 yaks (D:9)
  A hungry ghost (D:7)
  3 wargs (D:10)
  An orc warrior (D:8)
  An ice beast (D:6)
  2 black bears
  2 sky beasts
  4 ogres
  A necrophage (D:2)
  2 centaurs
  4 bullfrogs
  A water moccasin zombie (D:8)
  6 scorpions
  8 wights
  An electric eel (D:6)
  2 crimson imps
  A bullfrog zombie (D:10)
  A bullfrog skeleton (D:4)
  4 hounds
  Crazy Yiuf (D:2)
  2 orc priests (D:10)
  2 centaur skeletons
  Jessica (D:2)
  4 orc wizards
  9 worker ants
  2 hound skeletons
  A hound zombie (D:5)
  A worker ant zombie (D:5)
  9 adders
  5 gnolls
  An ooze (D:1)
  2 adder zombies
  2 worms
  3 dart slugs
  8 leopard geckos
  12 orcs
  2 ball pythons
  5 bats
  6 giant cockroaches
  2 goblins
  3 hobgoblins
  4 jackals (D:1)
  14 kobolds
  2 quokkas (D:3)
  5 frilled lizards
  A quokka skeleton (D:8)
  10 rats
  A spectral orc (D:2)
170 creatures vanquished.

Notes
Turn   | Place    | Note
-------+----------+-------------------------------------------
     0 | D:1      | b5mith the Minotaur Berserker began the quest for the Orb.
     0 | D:1      | Reached XP level 1. HP: 19/19 MP: 0/0
    64 | D:1      | Reached XP level 2. HP: 20/27 MP: 1/1
   307 | D:1      | Reached XP level 3. HP: 30/33 MP: 2/2
   649 | D:1      | Reached ** piety under Trog
   814 | D:2      | Found a sparkling altar of Nemelex Xobeh.
   827 | D:2      | Found a faded altar of an unknown god.
   879 | D:2      | Noticed a necrophage
   889 | D:2      | Killed a necrophage
   889 | D:2      | Reached XP level 4. HP: 27/39 MP: 3/3
   889 | D:2      | Reached XP level 5. HP: 32/45 MP: 4/4
  1051 | D:2      | Noticed Jessica
  1055 | D:2      | Killed Jessica
  1317 | D:2      | Found a basalt altar of Yredelemnul.
  1421 | D:2      | Found a runed door.
  1583 | D:2      | Noticed Crazy Yiuf
  1596 | D:2      | Killed Crazy Yiuf
  1596 | D:2      | Reached skill level 5 in Long Blades
  1841 | D:3      | Found a shadowy altar of Dithmenos.
  1884 | D:3      | Reached skill level 5 in Fighting
  2026 | D:3      | Reached XP level 6. HP: 50/54 MP: 5/5
  2071 | D:3      | Reached *** piety under Trog
  2813 | D:4      | Found a bloodstained altar of Trog.
  3517 | D:5      | Entered Level 5 of the Dungeon
  3666 | D:5      | Noticed a sky beast
  3682 | D:5      | Killed a sky beast
  3682 | D:5      | Reached skill level 5 in Armour
  3682 | D:5      | Reached XP level 7. HP: 34/60 MP: 6/6
  4399 | D:6      | Reached skill level 5 in Dodging
  4906 | D:6      | Reached XP level 8. HP: 63/69 MP: 7/7
  5125 | D:6      | Found Beolay's General Store.
  5376 | D:6      | Found a staircase to the Ecumenical Temple.
  5935 | D:7      | Found a flagged portal.
  6353 | D:8      | Reached XP level 9. HP: 79/79 MP: 8/8
  6603 | D:8      | Reached **** piety under Trog
  6933 | D:8      | Found Feekai's Magic Scroll Boutique.
  7011 | D:8      | Found a sacrificial altar of Ru.
  7217 | D:9      | Found a staircase to the Orcish Mines.
  7239 | D:9      | Found a shimmering altar of Xom.
  7321 | D:9      | Found a glowing golden altar of the Shining One.
  7984 | D:10     | Entered Level 10 of the Dungeon
  8009 | D:10     | Reached XP level 10. HP: 64/89 MP: 5/9
  8050 | D:10     | Found a staircase to the Lair.
  8063 | D:10     | HP: 5/133 [warg (13)]
  8067 | D:10     | Received a gift from Trog
  8070 | D:10     | HP: 4/133 [orc priest/nerve-wracking pain (2)]
  8074 | D:10     | Killed from afar by an orc priest

Vault maps used:
D:1:      dpeg_arrival_tiny_b
D:2:      yredelemnul_forgotten_temple_becter, nicolae_overflow_hidden_temple,
          chequers_ecumenical_altar_simple_redux, grunt_ministairs_3,
          uniq_jessica, uniq_crazy_yiuf_cottage
D:3:      grunt_dithmenos_smoke_and_mirrors, st_stairs_6,
          minmay_misc_feat_plants
D:4:      bloody_trog
D:5:      first_ration
D:6:      minmay_temple_entry_mist, serial_bayou, serial_bayou_lagoon_a,
          serial_bayou_ford_a, serial_bayou_shore_a, serial_bayou_shore_b,
          serial_shops, nicolae_shop_window_shopping,
          hangedman_decor_clover_reticule
D:7:      enter_bailey_8, kennysheep_doodads
D:8:      overflow_temple_1_default, serial_shops, nicolae_shop_waterfront
D:9:      kennysheep_mini_moat, kennysheep_little_box, serial_corexii_hall,
          corexii_hall_statues_s, corexii_hall_statues_l
D:10:     erik_lair_orcish_takeover, special_room, grunt_tengu_nest,
          fedhas_altar_decomposition

Skill      XL: |  1  2  3  4  5  6  7  8  9 |
---------------+----------------------------+-----
Fighting       | 4 5 6 7 9 |  9.6
Long Blades    | 4 5 6 8 9 |  9.6
Armour         | 3 4 5 6 7 9 |  9.2
Dodging        | 3 4 5 6 8 |  8.4

Action                   |  1- 3 |  4- 6 |  7- 9 | 10-12 || total
-------------------------+-------+-------+-------+-------++-------
Melee: Falchion          |    68 |   170 |   295 |    16 ||   549
       Headbutt          |    15 |    35 |    93 |     8 ||   151
Invok: Berserk           |       |       |     3 |     1 ||     4
 Stab: Sleeping          |     1 |       |       |       ||     1
  Eat: Chunk             |       |     9 |    10 |       ||    19
       Ration            |       |       |     2 |       ||     2
Armor: Animal skin       |     2 |       |       |       ||     2
       Ring mail         |    22 |    57 |    81 |     3 ||   163
Dodge: Dodged            |    45 |   117 |   192 |    17 ||   371
       Rpst.: Falchion   |    11 |    24 |    46 |     7 ||    88

Table legend:
 A = Spawn XP
 B = Non-spawn XP
 C = Spawn XP percentage of total XP
 D = Spawn monster count
 E = Non-spawn monster count
 F = Spawn count percentage of total count
 G = Total turns spent on level
                    A         B        C        D         E        F      G
               +---------+---------+-------+---------+---------+-------+---------
         Total |       0 |    6282 |   0.0 |       0 |     170 |   0.0 |  8074
               +---------+---------+-------+---------+---------+-------+---------
           D:1 |       0 |      64 |   0.0 |       0 |      26 |   0.0 |   802
           D:2 |       0 |     240 |   0.0 |       0 |      16 |   0.0 |  1031
           D:3 |       0 |     198 |   0.0 |       0 |      30 |   0.0 |   851
           D:4 |       0 |     144 |   0.0 |       0 |      10 |   0.0 |   833
           D:5 |       0 |     406 |   0.0 |       0 |      13 |   0.0 |   851
           D:6 |       0 |     805 |   0.0 |       0 |      12 |   0.0 |  1391
           D:7 |       0 |     903 |   0.0 |       0 |      13 |   0.0 |   709
           D:8 |       0 |    1002 |   0.0 |       0 |      17 |   0.0 |   749
           D:9 |       0 |    1548 |   0.0 |       0 |      22 |   0.0 |   767
          D:10 |       0 |     972 |   0.0 |       0 |      11 |   0.0 |    90
               +---------+---------+-------+---------+---------+-------+---------
